 Dungeon Crawl Stone Soup version 0.27-a0-1334-g2746e35aca (webtiles) character file.

Game seed: 10463288333352430632

142 Arzdou the Covered (level 5, -4/47 HPs)
             Began as a Hill Orc Fighter on June 26, 2021.
             Slain by an orc warrior (5 damage)
             ... on level 3 of the Dungeon.
             The game lasted 00:07:29 (3871 turns).

Arzdou the Covered (Hill Orc Fighter)               Turns: 3871, Time: 00:07:30

Health: -4/47      AC:  9    Str: 20    XL:     5   Next: 25%
Magic:  5/5        EV:  7    Int:  8    God:
Gold:   93         SH:  9    Dex: 10    Spells: 4/4 levels left

rFire    . . .     SeeInvis .   a - +0 war axe
rCold    . . .     Faith    .   c - +0 kite shield
rNeg     . . .     Spirit   .   b - +0 scale mail
rPois    .         Reflect  .   (no helmet)
rElec    .         Harm     .   (no cloak)
rCorr    .         Rampage  .   h - +0 pair of gloves
Will     .....                  q - +0 pair of boots
Stlth    ..........             (no amulet)
HPRegen  0.15/turn              (no ring)
MPRegen  0.09/turn              (no ring)

@: mighty, attractive
A: no striking features
a: no special abilities


You were on level 3 of the Dungeon.
You visited 1 branch of the dungeon, and saw 4 of its levels.

You collected 93 gold pieces.

Inventory:

Hand Weapons
 a - a +0 war axe (weapon)
 o - a +0 war axe
Missiles
 j - 96 stones (quivered)
Armour
 b - a +0 scale mail (worn)
 c - a +0 kite shield (worn)
 h - a +0 pair of gloves (worn)
 q - a +0 pair of boots (worn)
Jewellery
 n - a ring of wizardry
Scrolls
 e - a scroll of magic mapping {unknown}
 i - a scroll of teleportation
 l - a scroll of fear {unknown}
 m - a scroll of identify {unknown}
 p - a scroll of vulnerability {unknown}
 r - a scroll of blinking {unknown}
 s - a scroll of enchant weapon {unknown}
Potions
 g - a potion of degeneration {unknown}
 k - a potion of curing {unknown}


   Skills:
 * Level 4.3 Fighting
 + Level 4.4 Axes
 * Level 4.4 Armour
 + Level 4.1 Shields


You had 4 spell levels left.
You didn't know any spells.
Your spell library contained the following spells:

 Spells                   Type           Power      Damage    Failure   Level
 Freeze                   Ice            0%         1d3       99%         1
 Frozen Ramparts          Ice            0%         1d2       100%        3
 Ozocubu's Armour         Ice            0%         N/A       100%        3
 Hailstorm                Conj/Ice       0%         3d3       100%        4
 Metabolic Englaciation   Hex/Ice        0%         N/A       100%        5


Dungeon Overview and Level Annotations

Branches:
Dungeon (4/15)
 Temple: D:4-7

Altars:
Sif Muna

Shops:
D:3 (


Message History

You closely miss the orc. You hit the orc warrior. The orc barely misses you.
The orc warrior barely misses you.
You barely miss the orc.
You hit the orc warrior but do no damage.
The orc hits you with a +0 dagger. You block the orc warrior's attack.
The orc hits you but does no damage. You block the orc warrior's attack.
You closely miss the orc.
You hit the orc warrior but do no damage.
The orc hits you but does no damage.
The orc warrior hits you with a +0 short sword!
You completely miss the orc. You barely miss the orc warrior.
The orc hits you but does no damage. The orc warrior barely misses you.
You block the orc's attack.
The orc warrior hits you with a +0 short sword!
You closely miss the orc. You closely miss the orc warrior.
You block the orc's attack.
The orc warrior hits you but does no damage.
You closely miss the orc. You barely miss the orc warrior.
The orc hits you but does no damage. The orc warrior barely misses you.
The orc barely misses you.
The orc warrior hits you with a +0 short sword.
You slash the orc!
You kill the orc!
You barely miss the orc warrior. The orc warrior barely misses you.
You feel very mighty all of a sudden.
The orc warrior hits you with a +0 short sword.
You closely miss the orc warrior.
The orc warrior is lightly wounded.
The orc warrior barely misses you.
The orc warrior hits you with a +0 short sword!
* * * LOW HITPOINT WARNING * * *
You slash the orc warrior!
The orc warrior is heavily wounded.
The orc warrior hits you with a +0 short sword!
* * * LOW HITPOINT WARNING * * *
Items here: )) ††.
It was a potion of attraction.
You feel attractive to monsters.
The orc warrior hits you with a +0 short sword.
You die...

......# #.# #####.# #.# #
#.# #.######## #
###.######.....>..# #
#.......#...#####.#########
#
#.#.###......####.##......#
#
#.#.##......##.......####.#
###.#.###.##.###.##.##.# #.#
......# ####.#
#@##.##.####.# ###.### #.#
#o##.......#.# ......#
##'###)#####......# ###.#.#
##...##.#####.##.### #...#.#
##.....#.......##†#
....#.###.......######.##.#
#...#.##.........####...#.#
.......'.........'........#
#...####.........####...#.##


You could see an orc warrior.

Vanquished Creatures
  An orc wizard (D:2)
  4 adders
  2 dart slugs
  5 orcs
  2 ball pythons
  2 endoplasms (D:1)
  3 giant cockroaches (D:1)
  6 goblins
  11 hobgoblins
  7 jackals
  4 kobolds
  3 quokkas
  5 bats
  7 frilled lizards (D:2)
  5 rats
67 creatures vanquished.

Notes
Turn   | Place    | Note
-------+----------+-------------------------------------------
     0 | D:1      | Arzdou the Hill Orc Fighter began the quest for the Orb.
     0 | D:1      | Reached XP level 1. HP: 19/19 MP: 1/1
   301 | D:1      | Reached XP level 2. HP: 4/27 MP: 2/2
  1325 | D:1      | Reached XP level 3. HP: 27/33 MP: 3/3
  1693 | D:2      | Found a shimmering blue altar of Sif Muna.
  1972 | D:2      | Reached XP level 4. HP: 40/40 MP: 4/4
  1986 | D:2      | Found a faded altar of an unknown god.
  2934 | D:3      | Reached XP level 5. HP: 46/46 MP: 5/5
  3107 | D:3      | Found Xeabb's Weapon Shop.
  3836 | D:4      | Noticed an orc warrior
  3869 | D:3      | HP: 1/47 [orc warrior (7)]
  3871 | D:3      | Slain by an orc warrior

Illustrated notes

Levels and vault maps discovered:
D:1:      erik_arrival_cave_to_civilisation [erik_arrival_cave_to_temple],
          layout_basic, minivault_14, nrook_campfire
D:2:      layout_basic, basic_altar, hellmonk_ecumenical_altar_run_dry,
          minmay_lizard_pond
D:3:      layout_loops_corners, serial_shops, shop, hangedman_decor_peaks_small
D:4:      layout_rooms, minmay_temple_entry_statues_fountains, uniq_pikel

Skill      XL: |  1  2  3  4 |
---------------+-------------+-----
Axes           | 3 4 |  4.4
Armour         | 4 |  4.4
Fighting       | 4 |  4.3
Shields        | 4 |  4.1

Action                   |  1- 3 |  4- 6 || total
-------------------------+-------+-------++-------
Melee: War axe           |    99 |   113 ||   212
Throw: Stone             |     2 |     1 ||     3
  Use: Scroll            |     1 |       ||     1
       Potion            |       |     2 ||     2
Armor: Scale mail        |    56 |    60 ||   116
Dodge: Dodged            |    32 |    47 ||    79
Block: Kite shield       |    56 |    70 ||   126

Table legend: (Time is in decaauts)
 A = Elapsed time spent in this place.
 B = Non-inter-level travel time spent in this place.
 C = Inter-level travel time spent in this place.
 D = Time resting spent in this place.
 E = Time spent auto-exploring this place.
 F = Levels seen in this place.
 G = Mean time per level.
                   A        B        C        D        E       F      G
               +--------+--------+--------+--------+--------+-----+--------+
         Total |   3989 |   3945 |     44 |    253 |   3015 |   4 |  997.2 |
       Dungeon |   3989 |   3945 |     44 |    253 |   3015 |   4 |  997.2 |
               +--------+--------+--------+--------+--------+-----+--------+

Top non-repeatable levels by time:
     D:1: 1740 daAuts
     D:3: 1246 daAuts
     D:2: 987 daAuts
     D:4: 16 daAuts
